 Dungeon Crawl Stone Soup version 0.24-a0-201-gf205589 (webtiles) character file.

Game seed: 7818727462321330718

126 Azzok the Firebug (level 5, -6/31 HPs)
             Began as an Octopode Fire Elementalist on Mar 22, 2019.
             Killed by nerve-wracking pain
             ... invoked by an orc priest
              (8 damage)
             ... on level 3 of the Dungeon.
             The game lasted 00:03:32 (2206 turns).

Azzok the Firebug (Octopode Fire Elementalist)      Turns: 2206, Time: 00:03:32

Health: -6/31      AC:  1    Str:  7    XL:     5   Next: 10%
Magic:  2/9        EV: 13    Int: 18    God:
Gold:   81         SH:  0    Dex: 13    Spells: 2/10 levels left

rFire    . . .     SeeInvis .   j - +3 quarterstaff (chaos)
rCold    . . .     Gourm    .   (shield currently unavailable)
rNeg     . . .     Faith    .   (helmet restricted)
rPois    .         Spirit   .   (no amulet)
rElec    .         Reflect  .   (no ring)
rCorr    .         Harm     .   (no ring)
MR       .....                  (no ring)
Stlth    +++.......             (no ring)
HPRegen  0.10/turn              (no ring)
MPRegen  0.11/turn              (no ring)
                                (no ring)
                                (no ring)

@: lethally poisoned (-6 -> -48), very slightly contaminated
A: almost no armour, stealthy swim, amphibious, 8 rings, constrict 8, camouflage
1, gelatinous body 1
a: no special abilities


You were on level 3 of the Dungeon.
You were not hungry.

You visited 1 branch of the dungeon, and saw 3 of its levels.

You collected 81 gold pieces.

Inventory:

Hand Weapons
 j - a +3 quarterstaff of chaos (weapon)
Armour
 g - a +1 buckler
Jewellery
 c - a cursed amulet of inaccuracy {unknown}
Scrolls
 a - a scroll of blinking {unknown}
 d - 2 scrolls of identify {unknown}
 e - a scroll of enchant weapon
Potions
 h - a potion of might {unknown}
 i - 2 potions of haste {unknown}
Comestibles
 b - 2 rations


   Skills:
 - Level 2.0 Dodging
 - Level 2.6 Stealth
 + Level 3.1 Spellcasting
 + Level 2.7 Conjurations
 + Level 4.0 Fire Magic


You had 2 spell levels left.
You knew the following spells:

 Your Spells              Type           Power        Failure   Level  Hunger
a - Flame Tongue          Conj/Fire      ###..        4%          1    None
b - Conjure Flame         Conj/Fire      ###.....     12%         3    ###....
c - Sticky Flame          Conj/Fire      ###.....     36%         4    ####...

Your spell library contained the following spells:

 Spells                   Type           Power        Failure   Level  Hunger
 Throw Flame              Conj/Fire      ###...       6%          2    ##.....
 Inner Flame              Hex/Fire       ##......     22%         3    ###....
 Fireball                 Conj/Fire      ###.......   73%         5    ######.


Dungeon Overview and Level Annotations

Branches:
Dungeon (3/15)

Altars:
Makhleb


Innate Abilities, Weirdness & Mutations

You cannot wear most types of armour.
You are very stealthy in the water. (Stealth+)
You are amphibious.
You can wear up to eight rings at the same time.
You can use your tentacles to constrict eight enemies at once.
Your skin changes colour to match your surroundings (Stealth+).
Your rubbery body absorbs attacks. (AC +1, EV +1)


Message History

Aim: an orc priest, wielding a +1 trident of venom and wearing a +0 leather armour of fire resistance (severely wounded)
The flame tongue hits the orc priest.
The orc priest completely resists.
The orc priest is severely wounded.
* * * LOW HITPOINT WARNING * * *
You feel very sick.
The orc priest hits you from afar with a +1 trident of venom.
* * * LOW HITPOINT WARNING * * *
You are more poisoned.
Casting: Flame Tongue (safe; 4% risk of failure)
Confirm with . or Enter, or press ? or * to list all spells.
Aiming: Flame Tongue (safe; 4% risk of failure)
Press: ? - help, Shift-Dir - straight line, f/p - orc priest
Aim: an orc priest, wielding a +1 trident of venom and wearing a +0 leather armour of fire resistance (severely wounded)
The flame tongue hits the orc priest.
The orc priest resists.
The orc priest is almost dead.
* * * LOW HITPOINT WARNING * * *
You feel very sick.
The orc priest calls down the wrath of Beogh upon you.
Pain shoots through your body!
You die...

··· ▒·▒ ·▒
▒·▒ ·▒ ▒·▒
·▒ ▒·▒ ·▒
▒<▒ ·▒ ▒·▒
·▒
▒)▒▒▒▒·▒▒·▒
▒@·o······▒
▒▒▒▒▒▒)▒▒·▒
)▒ ·▒ ·· ▒▒


You could see an orc priest.

Vanquished Creatures
  A scorpion (D:2)
  Crazy Yiuf (D:2)
  An adder (D:2)
  3 dart slugs
  2 leopard geckos
  3 orcs (D:3)
  2 goblins
  2 hobgoblins
  2 jackals (D:1)
  4 kobolds
  8 bats
  A frilled lizard (D:2)
  3 rats (D:1)
  2 fungi (D:2)
35 creatures vanquished.

Notes
Turn   | Place    | Note
-------+----------+-------------------------------------------
     0 | D:1      | Azzok the Octopode Fire Elementalist began the quest for
                  | the Orb.
     0 | D:1      | Reached XP level 1. HP: 11/11 MP: 3/3
   365 | D:1      | Reached XP level 2. HP: 17/17 MP: 0/5
  1114 | D:2      | Reached XP level 3. HP: 21/21 MP: 2/6
  1450 | D:2      | Noticed a scorpion
  1460 | D:2      | Killed a scorpion
  1460 | D:2      | Reached XP level 4. HP: 11/27 MP: 0/8
  1795 | D:2      | Found a burning altar of Makhleb.
  1902 | D:2      | Learned a level 3 spell: Conjure Flame
  1903 | D:2      | Found a runed translucent door.
  1904 | D:2      | Noticed Crazy Yiuf
  1912 | D:2      | Learned a level 4 spell: Sticky Flame
  1917 | D:2      | Killed Crazy Yiuf
  1917 | D:2      | Reached skill level 4 in Fire Magic
  1917 | D:2      | Reached XP level 5. HP: 22/31 MP: 3/9
  2206 | D:3      | Killed from afar by an orc priest

Levels and vault maps discovered:
D:1:      wander_arrival_fairy_ring, layout_basic
D:2:      layout_basic, marbit_many_paths, minmay_pentomino_v4,
          uniq_crazy_yiuf_cottage
D:3:      layout_loops_ring, lemuel_crystal_altar, first_ration, uniq_grinder

Skill      XL: |  1  2  3  4 |
---------------+-------------+-----
Conjurations   | 2 |  2.7
Spellcasting   | 3 |  3.1
Fire Magic     | 4 |  4.0
Dodging        | |  2.0
Stealth        | |  2.6

Action                   |  1- 3 |  4- 6 || total
-------------------------+-------+-------++-------
Melee: Unarmed           |    17 |    22 ||    39
       Constrict         |     7 |     3 ||    10
       Tentacles         |     2 |    12 ||    14
 Cast: Flame Tongue      |    44 |    18 ||    62
       Sticky Flame      |       |     1 ||     1
  Use: Scroll            |     3 |       ||     3
  Eat: Chunk             |     2 |     2 ||     4
Armor: Skin              |     4 |       ||     4
Dodge: Dodged            |    22 |     5 ||    27

Table legend:
 A = Non-vault XP
 B = Vault XP
 C = Vault XP percentage of total XP
 D = Non-vault monster count
 E = Vault monster count
 F = Vault count percentage of total count
                 A         B        C        D         E       F
            +---------+---------+-------+---------+---------+-------
      Total |     134 |      47 |  26.0 |      29 |       4 |  12.1
            +---------+---------+-------+---------+---------+-------
        D:1 |      30 |       0 |   0.0 |      16 |       0 |   0.0
        D:2 |      95 |      47 |  33.1 |      10 |       4 |  28.6
        D:3 |       9 |       0 |   0.0 |       3 |       0 |   0.0
            +---------+---------+-------+---------+---------+-------
